 Dungeon Crawl Stone Soup version 0.16-a0-3178-g2c88c44 (webtiles) character file.

196 RobertPalmer the Charlatan (level 5, -3/33 HPs)
             Began as an Octopode Artificer on Dec 16, 2014.
             Killed themself with a badly aimed fireball (11 damage)
             ... on level 3 of the Dungeon.
             The game lasted 00:05:52 (3236 turns).

RobertPalmer the Charlatan (Octopode Artificer)     Turns: 3236, Time: 00:05:52

Health: -3/33      AC:  1    Str: 15    XL:     5   Next: 75%
Magic:  11/11      EV: 12    Int: 15    God:
Gold:   106        SH:  0    Dex: 13    Spells: 0 memorised, 4 levels left

rFire  + . .     SeeInvis .     a - +1 flail (crush)
rCold  + . .     Clarity  .     (no shield)
rNeg   . . .     SustAb   .     (helmet restricted)
rPois  +         Gourm    .     (no amulet)
rElec  +         Spirit   .     m - ring of stealth
rCorr  +         Warding  .     (no ring)
rMut   .         Stasis   .     (no ring)
MR     .....                    (no ring)
Stlth  +++.......               (no ring)
                                (no ring)
                                (no ring)
                                (no ring)

@: confused, mighty, resistant, not resistant to hostile enchantments, fairly
stealthy
A: almost no armour, amphibious, 8 rings, constrict 8, camouflage 1, gelatinous
body 1
a: no special abilities


You were on level 3 of the Dungeon.
You were not hungry.

You visited 1 branch of the dungeon, and saw 3 of its levels.

You collected 106 gold pieces.


Innate Abilities, Weirdness & Mutations

You cannot wear most types of armour.
You are amphibious.
You can wear up to eight rings at the same time.
You can use your tentacles to constrict many enemies at once.
Your skin changes colour to match your surroundings (Stealth).
Your rubbery body absorbs attacks (AC +1).


   Skills:
 - Level 1.0 Fighting
   Level 1.0 Short Blades
 - Level 2.0 Dodging
 - Level 1.3 Stealth
 + Level 7.3 Evocations


You had 4 spell levels left.
You didn't know any spells.

Inventory:

Hand weapons
 a - a +1 flail of crushing (weapon)
 i - a +0 halberd of pain
Jewellery
 l - an uncursed ring of fire
 m - a ring of stealth (left tentacle)
Magical devices
 b - a wand of flame (4)
 c - a wand of enslavement (19)
 d - a wand of random effects (9)
Scrolls
 g - a scroll of identify
 o - a scroll of blinking {unknown}
 p - a scroll of recharging
 s - a scroll of amnesia
Potions
 h - a potion of heal wounds {unknown}
 n - a potion of might
Comestibles
 f - 3 bread rations
 k - 2 meat rations
 r - a royal jelly

Dungeon Overview and Level Annotations

Branches:
Dungeon (3/15)

Altars:
Nemelex Xobeh

Annotations:
D:3 Malachi's ghost, average DDEn; Sigmund

...#
#.#.#####.....#
#.# o..#
#.#.....'.....#
#.# ...#
#.#######.....#
#.# .<.#
#......#....#.#
#.#######'#
####
######.#....#.#
#...W......
#.#.####.#
########...
#.#. ..#
#.############
#....x..{.....
##############


There were no monsters in sight!


Message History

The puff of flame hits you!
Evoke which item? (* to show all) (? for menu, Esc to quit)
Zapping:
b - a wand of flame (5)
Aim: Sigmund, wielding a scythe of venom, wearing a robe and carrying a wand of magic darts {zapped: 4} (heavily wounded)
The puff of flame misses Sigmund.
This wand has 4 charges left.
Sigmund gestures wildly while chanting.
Sigmund flickers and vanishes!
Deactivating autopickup; reactivate with Ctrl-A.
Evoke which item? (* to show all) (? for menu, Esc to quit)
Zapping:
d - a wand of random effects (13) Nothing appears to happen.
This wand has 12 charges left.
You are confused.
Evoke which item? (* to show all) (? for menu, Esc to quit)
Zapping:
d - a wand of random effects (12) This wand has 11 charges left.
You hear a zap.
The magic dart hits you!
* * * LOW HITPOINT WARNING * * *
Evoke which item? (* to show all) (? for menu, Esc to quit)
Zapping:
d - a wand of random effects (11) Nothing appears to happen.
This wand has 10 charges left.
Drink which item? (? for menu, Esc to quit)
You feel protected.
Evoke which item? (* to show all) (? for menu, Esc to quit)
Zapping:
d - a wand of random effects (10) This wand has 9 charges left.
Evoke which item? (* to show all) (? for menu, Esc to quit)
Zapping:
d - a wand of random effects (9)
The fireball explodes!
The fireball engulfs you! You resist.
You die...

Action                   |  1- 3 |  4- 6 || total
-------------------------+-------+-------++-------
Melee: Short sword       |    76 |       ||    76
       Flail             |     4 |    40 ||    44
Evoke: Wand              |     6 |    16 ||    22
  Use: Scroll            |     5 |     1 ||     6
       Potion            |       |     4 ||     4
 Stab: Sleeping          |     6 |     2 ||     8
  Eat: Chunk             |     3 |     4 ||     7

Vault maps used:
D:1:      dpeg_arrival_concentric_ovals
D:2:      lemuel_coloured_pillars_altar, first_bread
D:3:      serial_park_square1, uniq_iyjb, uniq_jessica, uniq_natasha,
          uniq_sigmund

Notes
Turn   | Place    | Note
--------------------------------------------------------------
     0 | D:1      | RobertPalmer, the Octopode Artificer, began the quest for the Orb.
     0 | D:1      | Reached XP level 1. HP: 13/13 MP: 1/1
   150 | D:1      | Reached skill level 4 in Evocations
   150 | D:1      | Reached XP level 2. HP: 13/18 MP: 3/3
   783 | D:1      | Reached XP level 3. HP: 15/23 MP: 5/5
  1343 | D:2      | Reached skill level 5 in Evocations
  2123 | D:2      | Reached XP level 4. HP: 28/28 MP: 7/7
  2478 | D:2      | Reached skill level 6 in Evocations
  2614 | D:2      | Found a sparkling altar of Nemelex Xobeh.
  2938 | D:3      | Reached XP level 5. HP: 31/33 MP: 10/10
  2984 | D:3      | Noticed Natasha
  3000 | D:3      | Killed Natasha
  3000 | D:3      | Reached skill level 7 in Evocations
  3082 | D:3      | Noticed Ijyb
  3085 | D:3      | Noticed Malachi's ghost (average DDEn)
  3161 | D:2      | Killed Ijyb
  3221 | D:3      | Noticed Sigmund
  3236 | D:3      | Killed themself with a badly aimed fireball

Vanquished Creatures
  Natasha (D:3)
  Ijyb (D:2)
  3 gnolls (D:2)
  3 adders
  3 worms (D:2)
  9 bats
  4 giant cockroaches
  6 hobgoblins
  4 jackals (D:1)
  5 kobolds
  A giant gecko (D:1)
  5 giant newts
  6 goblins
  3 rats
54 creatures vanquished.

Vanquished Creatures (collateral kills)
  3 gnolls (D:3)
3 creatures vanquished.

Vanquished Creatures (others)
  A gnoll (D:3)
  An adder (D:2)
2 creatures vanquished.

Grand Total: 59 creatures vanquished
